 Dungeon Crawl Stone Soup version 0.27.1-2-g3b301248ec (webtiles) character file.

Game seed: 16040129495889384482

45 Kinoniko the Chopper (level 3, 0/45 HPs)
             Began as a Hill Orc Gladiator on Oct 1, 2021.
             Succumbed to an adder's poison
             ... on level 2 of the Dungeon.
             The game lasted 00:00:50 (1356 turns).

Kinoniko the Chopper (Hill Orc Gladiator)           Turns: 1356, Time: 00:00:51

Health: 0/45       AC:  4    Str: 17    XL:     3   Next: 64%
Magic:  3/3        EV: 12    Int:  8    God:
Gold:   10         SH:  0    Dex: 12    Spells: 2/2 levels left

rFire    . . .     SeeInvis .   a - +0 war axe
rCold    . . .     Faith    .   (no shield)
rNeg     . . .     Spirit   .   b - +0 leather armour
rPois    .         Reflect  .   c - +0 helmet
rElec    .         Harm     .   (no cloak)
rCorr    .         Rampage  .   (no gloves)
Will     .....                  (no boots)
Stlth    ..........             (no amulet)
HPRegen  0.15/turn              (no ring)
MPRegen  0.08/turn              (no ring)

@: mighty, berserking (expiring), lethally poisoned (0 -> -3), very quick
A: no striking features
a: no special abilities


You were on level 2 of the Dungeon.
You visited 1 branch of the dungeon, and saw 2 of its levels.

You collected 10 gold pieces.

Inventory:

Hand Weapons
 a - a +0 war axe (weapon)
Missiles
 d - 3 throwing nets (quivered)
Armour
 b - a +0 leather armour (worn)
 c - a +0 helmet (worn)
Jewellery
 e - an amulet of faith
Scrolls
 g - a scroll of immolation {unknown}
 h - a scroll of enchant weapon {unknown}
 k - a scroll of magic mapping {unknown}
 l - a scroll of brand weapon {unknown}


   Skills:
 - Level 2.4 Fighting
 * Level 6.0 Axes
 - Level 1.7 Throwing
 - Level 2.4 Dodging


You had 2 spell levels left.
You didn't know any spells.
Your spell library was empty.

Dungeon Overview and Level Annotations

Branches:
Dungeon (2/15)

Altars:


Message History

You are more poisoned.
The adder poisons you! The adder bites you.
You are lethally poisoned!
The adder poisons you!
You closely miss the adder.
The adder is heavily wounded.
* * * LOW HITPOINT WARNING * * *
You feel very sick. The adder bites you but does no damage.
You barely miss the adder.
The adder is heavily wounded.
* * * LOW HITPOINT WARNING * * *
You feel very sick. The adder misses you. The adder closely misses you.
Unknown command.
Unknown command.
It was a potion of magic.
Magic courses through your body.
* * * LOW HITPOINT WARNING * * *
You feel sick. The adder misses you.
It was a potion of might.
You feel very mighty all of a sudden.
* * * LOW HITPOINT WARNING * * *
You feel sick. The adder misses you.
Unknown command.
It was a potion of berserk rage.
A red film seems to cover your vision as you go berserk!
You feel yourself moving faster!
You feel mighty!
* * * LOW HITPOINT WARNING * * *
You feel sick. The adder closely misses you. The adder misses you.
Unknown command.
You slice the adder!!
You kill the adder!
* * * LOW HITPOINT WARNING * * *
You feel sick.
Your Axes skill increases to level 6!
You see here an adder corpse.
Unknown command.
There is a lethal amount of poison in your body!
You feel a strong urge to attack something.
You die...

#...... #......
#...... #......
#...... .......
#......##########
...∩..)†@........
..............####
......†...........
8..∩..∩..∩........
..........<.......
...........#......
...∩..∩..∩##......
..........# .....
..........# ##.


There were no monsters in sight!

Vanquished Creatures
  An adder (D:2)
  A dart slug (D:1)
  3 bats (D:1)
  3 giant cockroaches (D:1)
  4 goblins
  6 hobgoblins (D:1)
  2 jackals (D:1)
  A quokka (D:1)
  5 ball pythons
  2 kobolds (D:1)
28 creatures vanquished.

Notes
Turn   | Place    | Note
-------+----------+-------------------------------------------
     0 | D:1      | Kinoniko the Hill Orc Gladiator began the quest for the
                  | Orb.
     0 | D:1      | Reached XP level 1. HP: 18/18 MP: 1/1
   333 | D:1      | Reached XP level 2. HP: 25/25 MP: 2/2
   552 | D:1      | Reached skill level 5 in Axes
   815 | D:1      | Reached XP level 3. HP: 30/30 MP: 3/3
  1353 | D:2      | HP: 2/45 [poisoned by an adder]
  1355 | D:2      | Reached skill level 6 in Axes
  1356 | D:2      | Succumbed to an adder's poison

Illustrated notes

Levels and vault maps discovered:
D:1:      dpeg_arrival_shrine, layout_loops_cross
D:2:      layout_basic, hellmonk_ecumenical_altar_arch_garden,
          minmay_pentomino_r4, uniq_crazy_yiuf_cottage, uniq_terence

Skill      XL: |  1  2  3 |
---------------+----------+-----
Axes           | 5 6 |  6.0
Fighting       | |  2.4
Throwing       | |  1.7
Dodging        | |  2.4

Action                   || total
-------------------------++-------
Melee: War axe           ||    75
  Use: Potion            ||     3
Armor: Leather armour    ||    35
Dodge: Dodged            ||    58
